[Event "42nd Olympiad Baku 2016 Women"]
[Site "Baku"]
[Date "2016.09.05"]
[Round "4.29"]
[White "Worek, Joanna"]
[Black "Nomin-Erdene, Davaademberel"]
[Result "1-0"]
[ECO "D10"]
[WhiteElo "2360"]
[BlackElo "2422"]
[Annotator ""]
[PlyCount "95"]
[EventDate "2016.??.??"]
[EventCountry "AZE"]
[SourceTitle "playchess.com"]
[Source "ChessBase"]
[WhiteTeam "Czech Republic"]
[BlackTeam "Mongolia"]
[WhiteTeamCountry "CZE"]
[BlackTeamCountry "MGL"]
[TimeControl "40/5400+30:1800+30"]

1. d4 {(00:00)} d5 {(00:00)} 2. c4 {(00:00)} c6 {(
00:00)} 3. Nc3 {(00:00)} Nf6 {(00:00)} 4. cxd5 {(00:00)}
cxd5 {(00:00)} 5. Bf4 {(00:06)} Qb6 {(00:10)} 6. e3 {
(00:16)} Bf5 {(00:28)} 7. Bb5+ {(03:10)} Nc6 {(02:
03)} 8. Nge2 {(03:56)} e6 {(12:17)} 9. O-O {(06:20)} Rc8 {
(02:00)} 10. Bd3 {(06:49)} Bxd3 {(04:59)} 11. Qxd3 {
(00:06)} Be7 {(05:31)} 12. Bg3 {(11:30)} O-O {(19:
36)} 13. Rfc1 {(12:22)} a6 {(11:19)} 14. f3 {(03:32)} Na5
{(02:10)} 15. b3 {(07:50)} Ba3 {(02:11)} 16. Rc2 {(
06:59)} Nc6 {(02:54)} 17. Na4 {(01:36)} Qa7 {(02:16)} 18.
Qd2 {(01:03)} Nd7 {(02:22)} 19. Nb2 {(05:50)} a5 {(
07:08)} 20. Nd3 {(04:29)} h6 {(02:10)} 21. Bf2 {(00:31)}
b6 {(02:17)} 22. e4 {(01:21)} Qa6 {(00:44)} 23. exd5 {
(00:36)} exd5 {(00:37)} 24. Nef4 {(00:37)} Qb5 {(
00:57)} 25. Rd1 {(03:10)} Ndb8 {(01:27)} 26. Ne5 {(01:17)}
Nb4 {(01:12)} 27. Rxc8 {(00:39)} Rxc8 {(00:05)} 28. Nh5 {
(00:26)} Nd7 {(06:25)} 29. Qf4 {(01:07)} Nf6 {(09:
02)} 30. Nxf6+ {(00:06)} gxf6 {(00:04)} 31. Qg4+ {(00:58)}
Kh7 {(00:04)} 32. Qxc8 {(01:07)} fxe5 {(00:04)} 33. Qf5+ {
(02:29)} Kg8 {(00:17)} 34. Bh4 {(00:21)} Nxa2 {(03:
06)} 35. Bf6 {(03:47)} Bf8 {(00:31)} 36. dxe5 {(03:52)}
Nc3 {(00:51)} 37. Re1 {(02:29)} Qc5+ {(00:40)} 38. Kh1 {
(00:19)} Qf2 {(00:15)} 39. Qg4+ {(00:13)} Kh7 {(00:
05)} 40. Bh4 {(00:00)} Qc2 {(00:00)} 41. e6 {(01:41)} fxe6
{(03:17)} 42. Bf6 {(03:21)} Na2 {(16:43)} 43. Qxe6 {
(00:24)} Qg6 {(00:08)} 44. Qd7+ {(00:15)} Kg8 {(00:
07)} 45. Qxd5+ {(01:06)} Qf7 {(01:49)} 46. Qf5 {(01:45)}
Nb4 {(00:53)} 47. Rd1 {(02:06)} Qe8 {(04:38)} 48. Qg4+ {
(00:08)} 1-0

[Event "42nd Olympiad Baku 2016 Women"]
[Site "Baku"]
[Date "2016.09.05"]
[Round "4.12"]
[White "Wozniak, Mariola"]
[Black "Jule, Alexandra"]
[Result "1-0"]
[ECO "E14"]
[WhiteElo "2246"]
[BlackElo "2000"]
[Annotator ""]
[PlyCount "81"]
[EventDate "2016.??.??"]
[EventCountry "AZE"]
[SourceTitle "playchess.com"]
[Source "ChessBase"]
[WhiteTeam "Poland"]
[BlackTeam "Australia"]
[WhiteTeamCountry "POL"]
[BlackTeamCountry "AUS"]
[TimeControl "40/5400+30:1800+30"]

1. d4 {(00:00)} Nf6 {(00:00)} 2. c4 {(00:00)} e6 {(
00:00)} 3. Nf3 {(01:59)} b6 {(00:00)} 4. e3 {(02:32)} Bb7
{(04:56)} 5. Bd3 {(02:44)} Bb4+ {(04:30)} 6. Bd2 {(
01:43)} Be7 {(01:28)} 7. O-O {(03:25)} d5 {(06:07)} 8.
cxd5 {(06:18)} exd5 {(03:03)} 9. Nc3 {(02:20)} O-O {
(01:13)} 10. Rc1 {(07:20)} Nbd7 {(05:55)} 11. Qc2 {
(08:08)} c5 {(04:00)} 12. Rfd1 {(01:48)} c4 {(09:
57)} 13. Bf1 {(01:35)} Bb4 {(07:07)} 14. b3 {(06:53)} Bxc3
{(04:06)} 15. Bxc3 {(03:32)} b5 {(02:36)} 16. bxc4 {
(09:01)} bxc4 {(00:07)} 17. Nd2 {(06:14)} Re8 {(05:
01)} 18. Re1 {(00:22)} Nf8 {(10:30)} 19. f3 {(02:39)} Ne6
{(05:43)} 20. e4 {(03:38)} Rc8 {(05:23)} 21. e5 {(
07:55)} Nh5 {(04:05)} 22. Rb1 {(03:34)} Bc6 {(01:17)} 23.
g3 {(00:49)} g5 {(02:47)} 24. Bh3 {(01:19)} Nhg7 {(
02:18)} 25. Nf1 {(02:04)} Bd7 {(01:24)} 26. Bg2 {(02:40)}
Nc7 {(03:04)} 27. Ne3 {(01:18)} Be6 {(01:05)} 28. Ng4 {
(05:28)} Bxg4 {(00:33)} 29. fxg4 {(00:04)} Nce6 {(
01:19)} 30. Rf1 {(00:19)} Rc6 {(01:51)} 31. Rb7 {(02:16)}
Nc7 {(01:53)} 32. Ba5 {(01:29)} Nge6 {(00:58)} 33. Qf2 {
(01:12)} Re7 {(01:22)} 34. Rfb1 {(00:53)} Qd7 {(00:
10)} 35. Rxa7 {(00:30)} c3 {(00:34)} 36. Rc1 {(01:36)} Rc4
{(00:56)} 37. Rxc3 {(00:47)} Qa4 {(00:32)} 38. Rxc4 {
(00:31)} Qxc4 {(00:10)} 39. Bf1 {(01:21)} Qc1 {(00:
39)} 40. Rb7 {(00:00)} Kf8 {(00:00)} 41. Bb4 {(01:25)} 1-0

[Event "42nd Olympiad Baku 2016 Women"]
[Site "Baku"]
[Date "2016.09.05"]
[Round "4.6"]
[White "Yearwood, Shannon"]
[Black "Roy, Ali"]
[Result "0-1"]
[ECO "C01"]
[WhiteElo "1662"]
[BlackElo "1894"]
[Annotator ""]
[PlyCount "94"]
[EventDate "2016.??.??"]
[EventCountry "AZE"]
[SourceTitle "playchess.com"]
[Source "ChessBase"]
[WhiteTeam "TTO"]
[BlackTeam "Scotland"]
[BlackTeamCountry "SCO"]
[TimeControl "40/5400+30:1800+30"]

1. e4 {(00:00)} e6 {(00:00)} 2. d4 {(00:00)} d5 {(
00:00)} 3. exd5 {(00:00)} exd5 {(00:00)} 4. c4 {(00:00)}
Nf6 {(00:00)} 5. Nc3 {(00:10)} Bb4 {(00:09)} 6. a3 {
(02:45)} Bxc3+ {(02:12)} 7. bxc3 {(00:08)} O-O {(
01:51)} 8. h3 {(02:49)} Re8+ {(01:37)} 9. Be3 {(00:20)}
Ne4 {(01:24)} 10. Qc2 {(04:16)} Bf5 {(05:16)} 11. Qc1 {
(08:59)} c6 {(06:40)} 12. cxd5 {(05:01)} cxd5 {(00:
31)} 13. Bb5 {(06:41)} Nd7 {(05:06)} 14. Bxd7 {(02:39)}
Qxd7 {(00:26)} 15. Ne2 {(01:08)} Rac8 {(01:41)} 16. O-O {
(01:49)} Rc6 {(04:38)} 17. f3 {(21:29)} Nd6 {(12:
01)} 18. Ng3 {(06:03)} Nb5 {(13:30)} 19. Bd2 {(07:46)}
Nxd4 {(02:39)} 20. Qb2 {(02:53)} Ne2+ {(11:30)} 21. Nxe2 {
(00:34)} Rxe2 {(00:03)} 22. Rf2 {(03:55)} Ree6 {(
01:41)} 23. Re1 {(01:31)} Rb6 {(00:30)} 24. Qa2 {(02:03)}
Bd3 {(01:30)} 25. Be3 {(05:35)} Bc4 {(05:49)} 26. Qd2 {
(01:40)} Qe7 {(00:42)} 27. Kh2 {(02:39)} Rb3 {(00:
34)} 28. Bg5 {(01:09)} f6 {(04:39)} 29. Rxe6 {(00:56)}
Qxe6 {(00:05)} 30. Be3 {(03:30)} Rxa3 {(01:54)} 31. Bc5 {
(00:51)} Rb3 {(05:29)} 32. Bxa7 {(02:08)} Qe5+ {(
00:04)} 33. g3 {(00:19)} Qxc3 {(02:25)} 34. Qxc3 {(01:02)}
Rxc3 {(00:04)} 35. Rb2 {(00:39)} b5 {(00:32)} 36. Kg2 {
(00:22)} Rd3 {(01:36)} 37. Kf2 {(00:28)} Kf7 {(01:
05)} 38. g4 {(01:01)} f5 {(01:24)} 39. g5 {(01:00)} d4 {
(03:00)} 40. Bb8 {(00:00)} Rd1 {(00:00)} 41. Bf4 {(
02:01)} Ke6 {(04:16)} 42. h4 {(02:00)} Kd5 {(04:56)} 43.
Bb8 {(03:04)} Ra1 {(03:51)} 44. Bc7 {(02:19)} Bd3 {
(01:22)} 45. Bd8 {(02:09)} Kc4 {(00:49)} 46. Be7 {(
01:06)} Kc3 {(01:22)} 47. Rb4 {(00:18)} Bc4 0-1

[Event "42nd Olympiad Baku 2016 Women"]
[Site "Baku"]
[Date "2016.09.05"]
[Round "4.26"]
[White "Yildiz, Betul Cemre"]
[Black "Sultana, Sharmin Shirin"]
[Result "1-0"]
[ECO "B44"]
[WhiteElo "2369"]
[BlackElo "2002"]
[Annotator ""]
[PlyCount "125"]
[EventDate "2016.??.??"]
[EventCountry "AZE"]
[SourceTitle "playchess.com"]
[Source "ChessBase"]
[WhiteTeam "Turkey"]
[BlackTeam "Bangladesh"]
[WhiteTeamCountry "TUR"]
[BlackTeamCountry "BAN"]
[TimeControl "40/5400+30:1800+30"]

1. e4 {(00:00)} c5 {(00:00)} 2. Nf3 {(00:00)} e6 {(
00:00)} 3. d4 {(00:00)} cxd4 {(00:00)} 4. Nxd4 {(00:00)}
Nc6 {(00:18)} 5. Nb5 {(00:00)} d6 {(00:06)} 6. c4 {
(00:01)} a6 {(02:33)} 7. N5c3 {(00:19)} Nf6 {(00:
29)} 8. Be2 {(00:38)} Be7 {(06:03)} 9. O-O {(00:10)} O-O {
(00:18)} 10. Be3 {(00:25)} b6 {(06:01)} 11. Na3 {(
04:59)} Bb7 {(08:51)} 12. Rc1 {(01:56)} Ne5 {(04:18)} 13.
f4 {(07:39)} Ned7 {(12:33)} 14. Bf3 {(00:35)} Qc7 {
(02:39)} 15. Qe2 {(06:09)} Rac8 {(11:28)} 16. g4 {(
03:07)} Nc5 {(11:29)} 17. Bd2 {(06:29)} Ne8 {(08:14)} 18.
Nc2 {(05:19)} d5 {(04:46)} 19. exd5 {(04:18)} exd5 {
(00:38)} 20. Bxd5 {(01:20)} Nf6 {(02:03)} 21. Ne3 {
(03:29)} Nce4 {(06:52)} 22. Bxb7 {(10:52)} Qxb7 {(
00:48)} 23. Qg2 {(01:15)} Bc5 {(03:10)} 24. Kh1 {(04:46)}
Rb8 {(02:25)} 25. Nxe4 {(07:48)} Nxe4 {(00:21)} 26. Nd5 {
(01:46)} Nxd2 {(01:23)} 27. Qxd2 {(00:03)} a5 {(01:
16)} 28. Rf3 {(03:58)} Rfe8 {(00:41)} 29. Qd3 {(00:14)}
Re6 {(01:29)} 30. Rh3 {(09:19)} g6 {(00:01)} 31. f5 {
(03:19)} Rd6 {(02:47)} 32. Qf3 {(06:54)} Bd4 {(00:
35)} 33. Re1 {(03:57)} g5 {(00:38)} 34. f6 {(03:36)} Bxf6
{(00:31)} 35. Qe4 {(00:23)} Bg7 {(00:56)} 36. Qxh7+ {
(01:43)} Kf8 {(00:01)} 37. Qf5 {(00:41)} Rbd8 {(01:
05)} 38. Rf3 {(00:19)} Bxb2 {(00:33)} 39. Qxg5 {(01:07)}
Bf6 {(00:31)} 40. Qh6+ {(00:00)} Bg7 {(00:00)} 41. Qf4 {
(02:33)} Rxd5 {(11:18)} 42. cxd5 {(00:11)} Qxd5 {(
01:02)} 43. Ref1 {(01:48)} Qxa2 {(03:15)} 44. Qe4 {(06:19]
} Qd5 {(02:34)} 45. Rxf7+ {(00:06)} Kg8 {(01:01)} 46. Qxd5
{(00:10)} Rxd5 {(00:01)} 47. Ra7 {(00:55)} Bc3 {(
02:04)} 48. Rc1 {(02:23)} Rc5 {(03:41)} 49. Rd1 {(00:21)}
Bg7 {(02:06)} 50. Rd8+ {(01:52)} Kh7 {(00:07)} 51. Rdd7 {
(00:24)} Rg5 {(00:10)} 52. h3 {(00:18)} Kh6 {(01:
48)} 53. Rd6+ {(00:13)} Rg6 {(00:02)} 54. Rd5 {(00:17)}
Kh7 {(00:54)} 55. g5 {(01:12)} Kh8 {(02:32)} 56. Rd8+ {
(02:48)} Kh7 {(00:02)} 57. h4 {(00:21)} b5 {(03:15]
} 58. Rxa5 {(00:40)} Rb6 {(00:18)} 59. Rd5 {(01:55)} b4 {
(00:11)} 60. Rab5 {(00:06)} Rxb5 {(00:12)} 61. Rxb5 {
(00:02)} Bc3 {(00:15)} 62. h5 {(00:31)} Bd2 {(00:
45)} 63. Kg2 {(00:36)} 1-0

[Event "42nd Olympiad Baku 2016 Women"]
[Site "Baku"]
[Date "2016.09.05"]
[Round "4.10"]
[White "Zawadzka, Jolanta"]
[Black "Nguyen, Thu Giang"]
[Result "1-0"]
[ECO "B01"]
[WhiteElo "2429"]
[BlackElo "2119"]
[Annotator ""]
[PlyCount "107"]
[EventDate "2016.??.??"]
[EventCountry "AZE"]
[SourceTitle "playchess.com"]
[Source "ChessBase"]
[WhiteTeam "Poland"]
[BlackTeam "Australia"]
[WhiteTeamCountry "POL"]
[BlackTeamCountry "AUS"]
[TimeControl "40/5400+30:1800+30"]

1. e4 {(00:00)} d5 {(00:00)} 2. exd5 {(00:00)} Qxd5 {
(00:01)} 3. Nc3 {(00:00)} Qa5 {(00:25)} 4. d4 {(00:
15)} Nf6 {(00:23)} 5. Bc4 {(00:37)} c6 {(00:17)} 6. Bd2 {
(01:25)} Bf5 {(01:17)} 7. Qe2 {(00:53)} e6 {(00:10]
} 8. d5 {(00:46)} cxd5 {(02:03)} 9. Nxd5 {(00:19)} Qd8 {
(00:15)} 10. Nxf6+ {(00:13)} Qxf6 {(00:05)} 11. O-O-O {
(00:10)} Ba3 {(08:47)} 12. c3 {(00:15)} Bc5 {(01:
41)} 13. g4 {(07:24)} Bg6 {(03:13)} 14. Nf3 {(02:11)} h6 {
(17:11)} 15. Ne5 {(02:59)} Nc6 {(09:44)} 16. Nxg6 {
(17:48)} Qxg6 {(01:03)} 17. h4 {(00:14)} O-O-O {(
11:37)} 18. Bb5 {(02:53)} Bb6 {(04:31)} 19. h5 {(15:39)}
Qf6 {(00:40)} 20. f4 {(00:47)} Rd6 {(08:19)} 21. Kb1 {
(05:06)} Rhd8 {(01:42)} 22. Bc1 {(00:40)} Qe7 {(07:
34)} 23. Ba4 {(01:28)} Qc7 {(03:06)} 24. Rxd6 {(01:18)}
Rxd6 {(00:57)} 25. g5 {(09:01)} Ne7 {(04:39)} 26. Bc2 {
(02:41)} Qd7 {(04:45)} 27. Qe5 {(02:27)} f6 {(01:
39)} 28. gxf6 {(00:31)} gxf6 {(00:12)} 29. Qxf6 {(00:27)}
Nf5 {(00:17)} 30. Re1 {(02:58)} Bd8 {(01:54)} 31. Qe5 {
(02:09)} Nh4 {(04:13)} 32. Qe4 {(07:25)} Nf5 {(00:
56)} 33. Bb3 {(01:51)} Ng7 {(00:10)} 34. Qe5 {(01:33)} Kc7
{(02:02)} 35. Rd1 {(03:34)} Nf5 {(00:23)} 36. Rxd6 {
(00:43)} Qxd6 {(00:13)} 37. Bxe6 {(00:15)} Ne7 {(
01:15)} 38. Qe2 {(01:16)} Nc6 {(00:41)} 39. a3 {(00:55)}
Bf6 {(00:16)} 40. f5 {(00:00)} Bg7 {(00:00)} 41. Qg4 {
(02:09)} Qf8 {(08:26)} 42. Bf4+ {(01:17)} Kb6 {(03:
22)} 43. Qg1+ {(01:45)} Ka6 {(02:53)} 44. Qf1+ {(00:27)}
Kb6 {(01:00)} 45. Qf2+ {(00:05)} Ka6 {(00:17)} 46. Qe2+ {
(00:22)} Kb6 {(00:26)} 47. Qe3+ {(00:07)} Ka6 {(00:
47)} 48. Qd3+ {(00:05)} Kb6 {(00:45)} 49. Be3+ {(00:08)}
Kc7 {(01:13)} 50. Qd7+ {(00:16)} Kb8 {(00:08)} 51. Bc5 {
(00:39)} Qh8 {(00:35)} 52. Bd6+ {(00:49)} Ka8 {(00:
13)} 53. Bd5 {(00:24)} Na5 {(02:02)} 54. Bb4 {(00:40)} 1-0

[Event "42nd Olympiad Baku 2016 Women"]
[Site "Baku"]
[Date "2016.09.05"]
[Round "4.1"]
[White "Zhou, Qiyu"]
[Black "Frayna, Janelle Mae"]
[Result "1/2-1/2"]
[ECO "C18"]
[WhiteElo "2367"]
[BlackElo "2281"]
[Annotator ""]
[PlyCount "61"]
[EventDate "2016.??.??"]
[EventCountry "AZE"]
[SourceTitle "playchess.com"]
[Source "ChessBase"]
[WhiteTeam "Canada"]
[BlackTeam "Philippines"]
[WhiteTeamCountry "CAN"]
[BlackTeamCountry "PHI"]
[TimeControl "40/5400+30:1800+30"]

1. e4 {(00:00)} e6 {(00:27)} 2. d4 {(00:00)} d5 {(
00:05)} 3. Nc3 {(00:00)} Bb4 {(00:32)} 4. e5 {(00:00)} c5
{(00:02)} 5. a3 {(00:00)} Bxc3+ {(00:30)} 6. bxc3 {
(00:00)} Qa5 {(01:02)} 7. Bd2 {(00:11)} Qa4 {(00:
06)} 8. h4 {(03:54)} Nc6 {(01:31)} 9. h5 {(05:45)} h6 {
(08:06)} 10. Nf3 {(06:42)} Nge7 {(01:44)} 11. Rh4 {
(06:41)} Bd7 {(13:07)} 12. Rg4 {(16:55)} g5 {(13:
58)} 13. hxg6 {(01:57)} fxg6 {(01:26)} 14. Qb1 {(24:06)}
c4 {(09:24)} 15. Rh4 {(04:33)} h5 {(13:07)} 16. Ng5 {
(04:00)} Nf5 {(01:27)} 17. Rh3 {(01:03)} Ke7 {(03:
12)} 18. Be2 {(02:29)} b5 {(07:53)} 19. g3 {(04:27)} Raf8
{(01:58)} 20. Kf1 {(04:27)} Kd8 {(01:07)} 21. Kg2 {
(00:16)} Kc7 {(00:11)} 22. Qb2 {(01:19)} Qa5 {(01:
25)} 23. Nf3 {(02:20)} Rb8 {(03:01)} 24. Rah1 {(04:02)}
Rhg8 {(00:39)} 25. Rb1 {(03:11)} Qb6 {(04:04)} 26. Nh4 {
(00:28)} Nfe7 {(02:37)} 27. Bg5 {(01:20)} a5 {(00:
25)} 28. Nf3 {(01:00)} Nf5 {(00:00)} 29. Nh4 {(00:37)}
Nfe7 {(00:00)} 30. Nf3 Nf5 {(00:00)} 31. Nh4 1/2-1/2

[Event "42nd Olympiad Baku 2016 Women"]
[Site "Baku"]
[Date "2016.09.05"]
[Round "4.7"]
[White "Zhukova, Natalia"]
[Black "Congiu, Mathilde"]
[Result "1-0"]
[ECO "E77"]
[WhiteElo "2475"]
[BlackElo "2232"]
[Annotator ""]
[PlyCount "141"]
[EventDate "2016.??.??"]
[EventCountry "AZE"]
[SourceTitle "playchess.com"]
[Source "ChessBase"]
[WhiteTeam "Ukraine"]
[BlackTeam "France"]
[WhiteTeamCountry "UKR"]
[BlackTeamCountry "FRA"]
[TimeControl "40/5400+30:1800+30"]

1. d4 {(00:00)} Nf6 {(00:00)} 2. c4 {(00:00)} g6 {(
00:08)} 3. Nc3 {(00:00)} Bg7 {(00:15)} 4. e4 {(00:09)} d6
{(00:26)} 5. f4 {(00:26)} O-O {(00:38)} 6. Nf3 {(
00:12)} c5 {(00:35)} 7. d5 {(00:13)} e6 {(00:33)} 8. dxe6
{(00:19)} fxe6 {(00:36)} 9. Bd3 {(00:23)} Nc6 {(00:
37)} 10. O-O {(00:26)} Nd4 {(01:06)} 11. Bd2 {(04:47)} b6
{(10:20)} 12. Nxd4 {(07:39)} cxd4 {(00:18)} 13. Nb5 {
(00:06)} Nd7 {(15:13)} 14. Nxd6 {(29:25)} Nc5 {(01:
54)} 15. e5 {(00:16)} Nxd3 {(04:31)} 16. Qf3 {(03:25)}
Bxe5 {(04:19)} 17. Nxc8 {(00:35)} Rxc8 {(01:09)} 18. Qxd3
{(00:14)} Bf6 {(07:32)} 19. Rae1 {(02:48)} Qc7 {(
03:56)} 20. b3 {(01:34)} Rfe8 {(02:37)} 21. Re4 {(03:11)}
b5 {(03:07)} 22. Rc1 {(09:49)} bxc4 {(07:25)} 23. Rxc4 {
(00:15)} Qb6 {(05:43)} 24. Re1 {(01:24)} Rxc4 {(08:
14)} 25. Qxc4 {(01:38)} Kg7 {(01:46)} 26. g4 {(15:01)} Bh4
{(11:42)} 27. Re4 {(02:04)} d3+ {(00:41)} 28. Qd4+ {
(00:53)} Bf6 {(01:45)} 29. Qxb6 {(00:06)} axb6 {(
00:02)} 30. Kf2 {(06:30)} Kf7 {(00:20)} 31. Kf3 {(03:45)}
Rd8 {(00:31)} 32. Rc4 {(00:22)} Rd7 {(00:39)} 33. a4 {
(01:05)} h5 {(01:19)} 34. h3 {(01:53)} hxg4+ {(01:
24)} 35. hxg4 {(00:02)} Bg7 {(03:36)} 36. Ke4 {(00:56)}
Bf6 {(00:52)} 37. Rc6 {(01:21)} Rd4+ {(00:22)} 38. Ke3 {
(03:20)} Rd7 {(00:33)} 39. Ke4 {(00:43)} Rd4+ {(00:
33)} 40. Kf3 {(00:00)} Bd8 {(00:00)} 41. Ke3 {(05:57)} Rd5
{(12:20)} 42. Ke4 {(04:33)} Ke7 {(09:30)} 43. Rc3 {
(05:04)} Kd6 {(08:03)} 44. Rxd3 {(04:55)} Rxd3 {(
00:13)} 45. Kxd3 {(00:06)} Kd5 {(02:36)} 46. b4 {(02:04)}
Bc7 {(00:13)} 47. a5 {(00:48)} bxa5 {(00:11)} 48. bxa5 {
(00:01)} Kc5 {(00:16)} 49. a6 {(02:22)} Kc6 {(00:
16)} 50. Ke4 {(04:17)} Bd6 {(00:33)} 51. Be3 {(00:11)} Bc7
{(00:23)} 52. Bd4 {(01:02)} Bd6 {(00:07)} 53. Be5 {
(01:11)} Be7 {(00:52)} 54. Bb8 {(00:26)} Bf6 {(00:
10)} 55. Ba7 {(00:32)} Be7 {(01:03)} 56. Ke5 {(00:41)}
Bd6+ {(00:17)} 57. Kxe6 {(02:00)} Bxf4 {(00:12)} 58. Bd4 {
(00:27)} Bd2 {(00:50)} 59. Kf6 {(01:05)} g5 {(00:
09)} 60. Kf5 {(00:25)} Bc1 {(02:05)} 61. Ke4 {(01:31)} Bd2
{(00:35)} 62. Be3 {(00:03)} Bc3 {(00:16)} 63. Kf5 {
(00:07)} Bb4 {(00:34)} 64. Kxg5 {(00:06)} Be7+ {(
00:23)} 65. Kf5 {(00:10)} Bh4 {(00:31)} 66. Bd4 {(00:18)}
Be1 {(01:15)} 67. g5 {(00:11)} Bd2 {(00:07)} 68. g6 {
(00:04)} Bh6 {(00:04)} 69. Ke6 {(00:34)} Kc7 {(00:
20)} 70. Kf7 {(00:14)} Kc8 {(00:18)} 71. Be3 {(00:28)} 1-0

[Event "42nd Olympiad Baku 2016 Women"]
[Site "Baku"]
[Date "2016.09.05"]
[Round "4.1"]
[White "Zimina, Olga"]
[Black "Mamedjarova, Turkan"]
[Result "1-0"]
[ECO "A13"]
[WhiteElo "2389"]
[BlackElo "2304"]
[Annotator ""]
[PlyCount "115"]
[EventDate "2016.??.??"]
[EventCountry "AZE"]
[SourceTitle "playchess.com"]
[Source "ChessBase"]
[WhiteTeam "Italy"]
[BlackTeam "Azerbaijan"]
[WhiteTeamCountry "ITA"]
[BlackTeamCountry "AZE"]
[TimeControl "40/5400+30:1800+30"]

1. Nf3 {(00:00)} d5 {(00:00)} 2. c4 e6 {(00:24)} 3. g3 {
(00:00)} Nf6 {(00:10)} 4. Bg2 {(00:00)} dxc4 {(01:
34)} 5. Qa4+ {(00:20)} Nbd7 {(00:12)} 6. Qxc4 {(00:16)} c5
{(00:28)} 7. Qb3 {(00:19)} Bd6 {(09:52)} 8. O-O {(
03:20)} O-O {(00:59)} 9. d3 {(00:32)} Rb8 {(02:14)} 10. a4
{(00:10)} b6 11. Na3 {(00:30)} a6 {(03:34)} 12. Nc4 {
(00:24)} Bc7 {(00:23)} 13. Bd2 {(00:14)} Bb7 {(01:
53)} 14. Qc2 {(11:25)} Qe7 {(24:59)} 15. Rfc1 {(10:46)} e5
{(10:06)} 16. Nh4 {(07:29)} Bxg2 {(00:38)} 17. Kxg2 {
(02:50)} Qe6 {(03:18)} 18. e4 {(06:40)} Rbc8 {(05:
44)} 19. Ne3 {(07:36)} Nb8 {(04:52)} 20. b4 {(12:48)} Bd6
{(07:11)} 21. b5 {(02:37)} a5 {(01:15)} 22. Qc4 {(
00:17)} Rfe8 {(07:19)} 23. Qxe6 {(06:03)} Rxe6 {(00:04)}
24. Nc4 {(00:29)} Bc7 {(01:01)} 25. Bc3 {(10:48)} Rd8 {
(03:11)} 26. Rd1 {(00:06)} Kf8 {(03:51)} 27. Nf5 {(
00:42)} Ng8 {(01:09)} 28. f4 {(04:41)} exf4 {(04:56)} 29.
Bxg7+ {(00:22)} Ke8 {(00:01)} 30. Bc3 {(05:25)} Rg6 {
(01:05)} 31. Be5 {(00:30)} Rd7 {(01:30)} 32. Bxc7 {
(00:25)} Rxc7 {(00:01)} 33. Ne5 {(00:25)} Rf6 {(00:
15)} 34. gxf4 {(00:40)} Ne7 {(00:08)} 35. Nxe7 {(02:13)}
Kxe7 {(00:12)} 36. Kf3 {(02:50)} Rc8 {(00:46)} 37. Rg1 {
(00:09)} Rh6 {(00:05)} 38. Ra2 {(00:28)} f6 {(01:
16)} 39. Nc4 {(01:04)} Rd8 {(00:10)} 40. Ke3 {(00:00)}
Rh3+ {(00:00)} 41. Rg3 {(00:54)} Rxg3+ {(00:21)} 42. hxg3
{(00:04)} Nd7 {(00:05)} 43. Rh2 {(00:28)} Rh8 {(00:
05)} 44. Rh6 {(03:56)} Ke6 {(00:43)} 45. g4 {(05:31)} Kf7
{(02:01)} 46. g5 {(03:20)} Kg7 {(00:22)} 47. Nd6 {(
02:53)} Rf8 {(01:06)} 48. Nf5+ {(01:36)} Kg8 {(00:09)} 49.
Ne7+ {(07:30)} Kg7 {(00:13)} 50. Nf5+ {(02:08)} Kg8 {
(00:05)} 51. g6 {(00:31)} hxg6 {(00:24)} 52. Rxg6+ {
(00:08)} Kf7 {(00:02)} 53. Rg7+ {(00:10)} Ke8 {(00:
10)} 54. d4 {(00:22)} Kd8 {(01:12)} 55. Nd6 {(01:47)}
cxd4+ {(01:04)} 56. Kxd4 {(00:03)} Kc7 {(00:08)} 57. Kd5 {
(00:20)} f5 {(02:47)} 58. e5 {(01:53)} 1-0

[Event "42nd Olympiad Baku 2016 Women"]
[Site "Baku"]
[Date "2016.09.05"]
[Round "4.6"]
[White "Zuriel, Marisa"]
[Black "Michna, Marta"]
[Result "0-1"]
[ECO "C18"]
[WhiteElo "2272"]
[BlackElo "2383"]
[Annotator ""]
[PlyCount "104"]
[EventDate "2016.??.??"]
[EventCountry "AZE"]
[SourceTitle "playchess.com"]
[Source "ChessBase"]
[WhiteTeam "Argentina"]
[BlackTeam "Germany"]
[WhiteTeamCountry "ARG"]
[BlackTeamCountry "GER"]
[TimeControl "40/5400+30:1800+30"]

1. e4 {(00:00)} e6 {(00:00)} 2. d4 {(00:00)} d5 {(
00:04)} 3. Nc3 {(00:00)} Bb4 {(00:32)} 4. e5 {(00:23)} c5
{(00:11)} 5. a3 {(00:10)} Bxc3+ {(00:03)} 6. bxc3 {
(00:07)} Qa5 {(00:49)} 7. Bd2 {(00:52)} Qa4 {(00:
14)} 8. Qg4 {(01:00)} Kf8 {(00:23)} 9. Nf3 {(00:44)} Qxc2
{(04:14)} 10. Rc1 {(01:51)} Qg6 {(00:11)} 11. Qxg6 {
(05:34)} hxg6 {(00:03)} 12. c4 {(00:53)} Ne7 {(00:
10)} 13. cxd5 {(03:57)} Nxd5 {(00:07)} 14. Rxc5 {(00:36)}
Bd7 {(02:33)} 15. Bd3 {(02:14)} Bc6 {(02:01)} 16. O-O {
(01:05)} Nd7 {(00:07)} 17. Rc2 {(01:01)} Ke7 {(22:
14)} 18. Re1 {(21:14)} N7b6 {(27:15)} 19. Ng5 {(06:16)} a6
{(14:54)} 20. Ba5 {(12:08)} Rhc8 {(05:12)} 21. Rb2 {
(17:32)} Na4 {(03:18)} 22. Rb3 {(00:38)} b6 {(08:
55)} 23. Bd2 {(00:32)} Bb5 {(01:21)} 24. Be4 {(10:27)} Bc4
{(01:17)} 25. Rf3 {(00:26)} f5 {(01:48)} 26. exf6+ {
(00:27)} gxf6 {(00:03)} 27. Nxe6 {(03:48)} Kxe6 {(
00:40)} 28. Bc2+ {(00:09)} Kf7 {(00:18)} 29. Bxa4 {(00:05]
} b5 {(00:13)} 30. Bd1 {(00:24)} Re8 {(00:50)} 31. h4 {
(02:54)} Rxe1+ {(00:15)} 32. Bxe1 {(00:04)} Re8 {(
00:19)} 33. Bd2 {(00:28)} Re4 {(00:55)} 34. Be3 {(03:53)}
Rxh4 {(01:53)} 35. Rh3 {(03:21)} Rxh3 {(01:21)} 36. gxh3 {
(00:03)} a5 {(01:02)} 37. Bd2 {(01:39)} b4 {(00:29]
} 38. axb4 {(00:09)} axb4 {(00:10)} 39. Bf3 {(00:55)} b3 {
(01:49)} 40. Bxd5+ {(00:00)} Bxd5 {(00:00)} 41. Bc3 {
(00:57)} Ke6 {(10:07)} 42. Kh2 {(06:12)} Kf5 {(00:
54)} 43. Kg3 {(00:04)} Ke4 {(00:26)} 44. h4 {(04:54)} Kd3
{(05:49)} 45. Ba1 {(00:26)} Kc2 {(01:33)} 46. f4 {(
00:11)} f5 {(02:32)} 47. h5 {(05:17)} gxh5 {(00:03)} 48.
Kh4 {(00:03)} b2 {(06:44)} 49. Bxb2 {(00:46)} Kxb2 {
(00:01)} 50. Kxh5 {(04:06)} Kc3 {(00:24)} 51. Kg5 {
(00:05)} Be6 {(00:13)} 52. Kf6 {(05:38)} Kxd4 {(00:
35] Ke5+} 0-1